AoeStats
← Alvinangus

Arena

510349457Analyzed
3v3 RM · 1d ago on Sep 30, 2026· 54m 44s· 6 players
Game mode
Random Map
Map size
Normal (6 player)
Population
200
Speed
Normal
Resources
Standard
Victory
Conquest
Starting age
Dark Age
Ending age
Imperial Age
RankedLock teamsTeams togetherTeam positionsShared explorationLock speedFull tech treeHidden civsTurbo modeCheats
Victory
Defeat
🇺🇸 Celts · United States
1108
+15
🇨🇳 Burgundians · China
1099
+15
🇨🇳 Franks · China
1060
+17
🇺🇦 Byzantines · Ukraine
1233
-22
🇧🇷 Mongols · Brazil
1065
-15
🇺🇦 Goths · Ukraine
945
-10
Mr_S00R
1:43 Loom
11:00 Feudal Age
13:11 Wheelbarrow
17:49 Castle Age
19:04 Gold Mining
19:02 Double-Bit Axe
19:27 Fletching
19:37 Padded Archer Armor
27:29 Gold Shaft Mining
27:50 Bow Saw
28:32 Bodkin Arrow
28:52 Leather Archer Armor
29:06 Leather Archer Armor
29:21 Bloodlines
29:11 Husbandry
29:24 Husbandry
31:35 Stone Mining
31:33 Horse Collar
39:11 Imperial Age
36:27 Pikeman
37:07 Squires
37:39 Forging
37:29 Scale Mail Armor
41:34 Bracer
43:20 Town Watch
43:51 Hand Cart
44:09 Elite Mangudai
46:25 Stone Shaft Mining
45:28 Elite Skirmisher
46:42 Ballistics
47:22 Chemistry
46:33 Fortified Wall
46:18 Murder Holes
49:54 Arson
Alvinangus
10:52 Feudal Age
10:59 Loom
14:51 Castle Age
14:45 Wheelbarrow
14:01 Double-Bit Axe
14:53 Wheelbarrow
14:48 Horse Collar
22:30 Hand Cart
26:03 Gold Mining
29:36 Imperial Age
27:34 Heavy Plow
27:46 Bow Saw
28:37 Gold Shaft Mining
30:03 Scale Barding Armor
30:08 Forging
30:36 Murder Holes
30:51 Fortified Wall
31:02 Ballistics
31:42 Chemistry
30:24 Treadmill Crane
30:50 Scale Mail Armor
30:13 Elite Varangian Guard
30:40 Arson
30:42 Gambesons
31:00 Squires
32:48 Iron Casting
32:32 Gambesons
33:27 Chain Mail Armor
33:53 Fletching
35:01 Plate Mail Armor
35:05 Stone Mining
36:47 Crop Rotation
37:21 Two-Man Saw
36:26 Bodkin Arrow
36:46 Husbandry
37:08 Chain Barding Armor
37:08 Light Cavalry
38:57 Bracer
39:59 Conscription
39:56 Guilds
40:32 Stone Shaft Mining
39:42 Hussar
42:56 Padded Archer Armor
44:16 Capped Ram
45:07 Siege Ram
46:47 Plate Barding Armor
48:23 Guilds
48:59 Logistica
49:49 Elite Cataphract
Makan
12:27 Feudal Age
18:29 Double-Bit Axe
21:17 Castle Age
19:34 Loom
20:24 Wheelbarrow
19:32 Horse Collar
24:37 Gold Mining
26:30 Heavy Plow
33:38 Imperial Age
33:47 Imperial Age
33:11 Forging
33:01 Scale Mail Armor
33:14 Squires
32:35 Pikeman
32:35 Man-at-Arms
33:46 Hand Cart
33:24 Stone Mining
33:46 Bow Saw
34:45 Perfusion
35:32 Iron Casting
35:12 Chain Mail Armor
35:35 Town Watch
35:40 Halberdier
35:40 Long Swordsman
39:10 Two-Handed Swordsman
41:20 Blast Furnace
42:40 Chemistry
42:01 Ballistics
41:51 Town Patrol
42:21 Champion
50:04 Crop Rotation
54:49 Anarchy
Ruddybird
11:38 Feudal Age
12:11 Horse Collar
15:06 Castle Age
13:55 Double-Bit Axe
16:15 Bow Saw
17:02 Loom
18:01 Heavy Plow
21:05 Wheelbarrow
21:01 Town Watch
23:22 Gold Mining
23:23 Stone Mining
26:10 Hand Cart
30:04 Imperial Age
28:23 Gold Shaft Mining
28:24 Stone Shaft Mining
28:36 Scale Barding Armor
28:37 Arson
29:19 Scale Mail Armor
30:18 Onager
33:42 Heavy Scorpion
34:15 Man-at-Arms
35:16 Gambesons
34:55 Long Swordsman
35:41 Two-Handed Swordsman
36:55 Chain Mail Armor
36:50 Forging
37:08 Furor Celtica
37:01 Champion
38:42 Ballistics
39:23 Chemistry
39:31 Chemistry
38:43 Siege Engineers
38:26 Pikeman
39:37 Plate Mail Armor
39:01 Halberdier
45:10 Iron Casting
45:59 Chemistry
46:21 Conscription
46:20 Masonry
46:33 Fletching
47:44 Blast Furnace
51:53 Caravan
110
0:29 Loom
12:26 Feudal Age
13:04 Double-Bit Axe
18:06 Castle Age
16:06 Horse Collar
16:40 Bow Saw
16:24 Gold Mining
16:43 Stone Mining
17:13 Heavy Plow
18:05 Town Watch
18:29 Scale Barding Armor
18:35 Forging
18:15 Cavalier
21:01 Husbandry
23:43 Wheelbarrow
23:47 Iron Casting
25:50 Chain Barding Armor
31:35 Imperial Age
29:07 Murder Holes
29:22 Fortified Wall
29:52 Gold Shaft Mining
31:16 Fletching
31:26 Padded Archer Armor
31:48 Ballistics
31:09 Treadmill Crane
32:14 Bodkin Arrow
33:45 Chemistry
33:44 Plate Barding Armor
32:40 Paladin
35:31 Blast Furnace
34:48 Leather Archer Armor
36:56 Bracer
39:05 Squires
38:25 Man-at-Arms
38:26 Pikeman
38:52 Arson
39:10 Scale Mail Armor
39:22 Masonry
39:49 Hand Cart
40:46 Stone Shaft Mining
40:30 Chain Mail Armor
39:46 Elite Skirmisher
40:00 Light Cavalry
41:33 Hussar
44:12 Architecture
45:48 Halberdier
45:49 Long Swordsman
47:03 Plate Mail Armor
47:53 Conscription
48:09 Hoardings
52:08 Burgundian Vineyards
51:23 Elite Coustillier
SKOLER
1:47 Loom
10:57 Feudal Age
17:34 Castle Age
15:45 Stone Mining
16:27 Double-Bit Axe
19:57 Ordonnance Companies
23:04 Bow Saw
23:25 Gold Mining
25:36 Wheelbarrow
24:46 Town Watch
27:48 Gold Shaft Mining
27:37 Hand Cart
27:24 Town Patrol
31:32 Imperial Age
31:47 Fletching
31:57 Padded Archer Armor
33:06 Conscription
34:09 Chemistry
34:17 Murder Holes
35:16 Bodkin Arrow
35:36 Leather Archer Armor
38:04 Chivalry
38:18 Forging
38:11 Husbandry
38:24 Siege Engineers
38:55 Crossbowman
39:47 Scale Barding Armor
39:42 Scale Mail Armor
40:19 Iron Casting
42:23 Elite Throwing Axeman
45:17 Blast Furnace
44:32 Chain Mail Armor
44:38 Chain Barding Armor
45:37 Cavalier
46:53 Light Cavalry
52:35 Paladin
54:52 Caravan
Connection lost

Rejoining the realm…

Still unreachable

The connection could not be restored.

Session expired

The server has moved on; the page needs a fresh start.